 Dungeon Crawl Stone Soup version 0.25.0-9-g26727b657a (webtiles) character file.

Game seed: 15810126674814582848

324 Froggeryz the Ruffian (level 6, -1/34 HPs)
             Began as a Gargoyle Transmuter on June 20, 2020.
             Killed by nerve-wracking pain
             ... invoked by Grinder
              (5 damage)
             ... on level 4 of the Dungeon.
             The game lasted 00:03:52 (2831 turns).

Froggeryz the Ruffian (Gargoyle Transmuter)         Turns: 2831, Time: 00:03:53

Health: -1/34      AC: 11    Str: 16    XL:     6   Next: 48%
Magic:  9/9        EV:  9    Int: 13    God:
Gold:   132        SH:  0    Dex: 10    Spells: 8/9 levels left

rFire    . . .     SeeInvis .     - Unarmed
rCold    . . .     Gourm    .   (no shield)
rNeg     + . .     Faith    .   j - +0 scale mail
rPois    ∞         Spirit   .   (no helmet)
rElec    +         Reflect  .   (no cloak)
rCorr    .         Harm     .   (no gloves)
MR       .....                  (no boots)
Stlth    ..........             (no amulet)
HPRegen  0.11/turn              (no ring)
MPRegen  0.11/turn              (no ring)

@: about to teleport
A: negative energy resistance 1, electricity resistance, unbreathing,
petrification resistance, rot immunity, AC +4
a: no special abilities


You were on level 4 of the Dungeon.
You were not hungry.

You visited 1 branch of the dungeon, and saw 4 of its levels.

You collected 132 gold pieces.

Inventory:

Missiles
 a - 31 arrows
Armour
 j - a +0 scale mail (worn)
Jewellery
 c - a cursed ring of attention {unknown}
Scrolls
 b - 9 scrolls of identify
 f - a scroll of amnesia
 g - 2 scrolls of remove curse
 m - a scroll of random uselessness {unknown}
Potions
 e - 2 potions of berserk rage {unknown}
 h - 2 potions of lignification {unknown}
 i - a potion of magic {unknown}
Comestibles
 d - 5 rations
 l - 4 chunks of flesh


   Skills:
 - Level 1.1 Fighting
 + Level 3.0 Armour
 - Level 1.5 Dodging
 * Level 6.3 Unarmed Combat
 - Level 2.0 Spellcasting
 - Level 1.5 Transmutations


You had 8 spell levels left.
You knew the following spells:

 Your Spells              Type           Power        Failure   Level  Hunger
a - Beastly Appendage     Tmut           #.....       43%         1    ##.....

Your spell library contained the following spells:

 Spells                   Type           Power        Failure   Level  Hunger
 Sticks to Snakes         Tmut           #.......     58%         2    ###....
 Spider Form              Tmut/Pois      #.........   89%         3    ####...
 Ice Form                 Ice/Tmut       #.......     100%        4    #####..
 Blade Hands              Tmut           #.........   100%        5    ######.


Dungeon Overview and Level Annotations

Branches:
Dungeon (4/15)             Temple (0/1) D:4

Altars:

Annotations:
D:3 3 runed translucent doors, Askman's ghost, amateur DsAs
D:4 Dowan; Duvessa; Grinder


Innate Abilities, Weirdness & Mutations

You are resistant to torment.
Your stone body is resilient. (AC +4)
You are immune to poison.
You resist negative energy. (rN+)
You are resistant to electric shocks. (rElec)
You can survive without breathing.
You are immune to petrification.
You are immune to rotting.


Message History

You feel strangely unstable. Duvessa completely misses you.
The worker ant bites you but does no damage.
Dowan hits you but does no damage. Grinder hits you.
You writhe in agony.
Duvessa barely misses you.
You closely miss Dowan.
Dowan is heavily wounded.
The worker ant waves its antennae.
The worker ant bites you.
Dowan mumbles some strange words.
Dowan blinks!
Duvessa hits you with a +0 short sword.
* * * LOW HITPOINT WARNING * * *
Grinder gestures at you. Pain shoots through your body!
* * * LOW HITPOINT WARNING * * *
The worker ant closely misses you.
Dowan casts a spell.
Dowan blinks!
Grinder gestures at you. Pain shoots through your body!
You die...

..#
.........................###.
... ......................
###....#...............#
.....###$............##
.=########.......>..##
........##.........##
#...§...#.......... .
#.#.$............
....##a#@..#.#...(....
.......e5...###......
..#...##§...# #.... ##.
###..# .### .. #.## # .. ###
.. .


You could see Grinder and Duvessa (fast).

Vanquished Creatures
  Eustachio (D:3)
  A scorpion (D:3)
  A hound (D:4)
  A centaur skeleton (D:4)
  3 oozes
  3 worms
  A dart slug (D:1)
  2 leopard geckos
  2 orcs (D:4)
  A ball python (D:2)
  6 giant cockroaches
  3 goblins
  5 hobgoblins
  2 jackals (D:3)
  6 kobolds
  A quokka (D:4)
  A ball python skeleton (D:4)
  3 bats (D:1)
  7 frilled lizards
  5 rats (D:1)
55 creatures vanquished.

Notes
Turn   | Place    | Note
-------+----------+-------------------------------------------
     0 | D:1      | Froggeryz the Gargoyle Transmuter began the quest for the
                  | Orb.
     0 | D:1      | Reached XP level 1. HP: 12/12 MP: 3/3
   121 | D:1      | Reached XP level 2. HP: 14/16 MP: 5/5
   272 | D:1      | Reached skill level 4 in Unarmed Combat
   325 | D:1      | Reached XP level 3. HP: 19/20 MP: 6/6
  1622 | D:3      | Found a runed translucent gate.
  1622 | D:3      | Found a runed translucent gate.
  1623 | D:3      | Reached XP level 4. HP: 25/25 MP: 7/7
  1624 | D:3      | Found a runed translucent gate.
  1700 | D:3      | Noticed Askman's ghost (amateur DsAs)
  2062 | D:4      | Noticed Eustachio
  2075 | D:4      | Reached skill level 1 in Armour
  2075 | D:4      | Reached skill level 5 in Unarmed Combat
  2114 | D:3      | Reached XP level 5. HP: 12/29 MP: 8/8
  2492 | D:3      | Killed Eustachio
  2492 | D:3      | Reached skill level 6 in Unarmed Combat
  2492 | D:3      | Reached XP level 6. HP: 19/34 MP: 9/9
  2571 | D:4      | Found a staircase to the Ecumenical Temple.
  2815 | D:4      | Noticed Dowan
  2816 | D:4      | Noticed Duvessa
  2823 | D:4      | Noticed Grinder
  2831 | D:4      | Killed from afar by Grinder

Illustrated notes

Levels and vault maps discovered:
D:1:      minmay_arrival_three_doors, layout_loops_ring
D:2:      layout_loops_corners, chequers_serial_rivers_large_a,
          kennysheep_generic_room_8
D:3:      layout_rooms, gammafunk_ghost_icy
D:4:      layout_cave_pools, minmay_temple_entry_tees, uniq_eustachio,
          uniq_grinder, uniq_duvessa

Skill      XL: |  1  2  3  4  5  6 |
---------------+-------------------+-----
Unarmed Combat | 4 5 6 |  6.3
Armour         | 1 2 3 |  3.0
Fighting       | |  1.1
Dodging        | |  1.5
Spellcasting   | |  2.0
Transmutations | |  1.5

Action                   |  1- 3 |  4- 6 || total
-------------------------+-------+-------++-------
Melee: Unarmed           |   153 |   156 ||   309
       Punch             |    10 |     4 ||    14
  Use: Scroll            |       |     4 ||     4
  Eat: Chunk             |     2 |     4 ||     6
Armor: Robe              |    10 |       ||    10
       Leather armour    |    37 |       ||    37
       Scale mail        |     5 |   112 ||   117
Dodge: Dodged            |    73 |   113 ||   186
